 Dungeon Crawl Stone Soup version 0.29.0-4-gdea44cf6ec (webtiles) character file.

Game seed: 11189513180538365858

98 qw the Chopper (level 4, 0/28 HPs)
             Began as a Gargoyle Fighter on Sept 10, 2022.
             Slain by a gnoll
             ... wielding a +0 spear
              (3 damage)
             ... on level 2 of the Dungeon.
             The game lasted 00:00:31 (1468 turns).

qw the Chopper (Gargoyle Fighter)                   Turns: 1468, Time: 00:00:32

Health: 0/28       AC: 10    Str: 21    XL:     4   Next: 69%
Magic:  4/4        EV:  9    Int:  9    God:
Gold:   49         SH:  4    Dex:  9    Spells: 3/3 levels left

rFire   . . .      SeeInvis .   Y - +0 war axe
rCold   . . .      Faith    .   c - +0 buckler
rNeg    + . .      Spirit   .   b - +0 scale mail
rPois   inf        Reflect  .   (no helmet)
rElec   +          Harm     .   (no cloak)
rCorr   .          Rampage  .   (no gloves)
Will    .....                   (no boots)
Stlth   ..........              f - amulet of the acrobat
HPRegen 0.09/turn               (no ring)
MPRegen 0.09/turn               (no ring)

@: no status effects
A: sickness immunity, AC +3, negative energy resistance 1, electricity
resistance, torment resistance 1, petrification resistance
a: no special abilities


You were on level 2 of the Dungeon.
You visited 1 branch of the dungeon, and saw 2 of its levels.

You collected 101 gold pieces.
You spent 52 gold pieces at shops.


Innate Abilities, Weirdness & Mutations

You are immune to sickness and miasma.
Your stone body is resilient. (AC +3)
You are immune to poison.
You resist negative energy. (rN+)
You are resistant to electric shocks. (rElec)
You are resistant to unholy torment.
You are immune to petrification.


   Skills:
 - Level 3.2 Fighting
 + Level 4.3 Axes
 - Level 3.2 Armour
 - Level 3.2 Shields


You had 3 spell levels left.
You didn't know any spells.
Your spell library was empty.

Inventory:

Hand Weapons
 i - a +0 vampiric whip
 Y - a +0 war axe (weapon)
Armour
 b - a +0 scale mail (worn)
 c - a +0 buckler (worn)
Jewellery
 f - an amulet of the acrobat (around neck)
Scrolls
 a - a scroll of magic mapping {unknown}
 e - 3 scrolls of teleportation {unknown}
 h - 5 scrolls of identify
Potions
 d - a potion of might
 g - 2 potions of haste
 j - a potion of heal wounds
 k - a potion of curing {unknown}

Dungeon Overview and Level Annotations

Branches:
Dungeon (2/15)

Altars:

Shops:
D:1 ?


Message History

A giant cockroach comes into view.
The gnoll barely misses you.
You hit the gnoll.
The gnoll is heavily wounded.
You completely miss the gnoll.
The gnoll hits you from afar with a +0 spear.
The gnoll hits you with a +0 club. You block the gnoll's attack.
You completely miss the gnoll.
The gnoll is heavily wounded.
You hit the gnoll. The gnoll misses you. The gnoll hits you but does no damage.
The gnoll barely misses you. The gnoll closely misses you.
The gnoll hits you but does no damage. You block the gnoll's attack.
You barely miss the gnoll.
The gnoll is heavily wounded.
You closely miss the gnoll. The gnoll barely misses you.
The gnoll hits you but does no damage. The gnoll misses you.
You closely miss the gnoll.
The gnoll is heavily wounded.
You closely miss the gnoll. The gnoll barely misses you.
The gnoll hits you but does no damage. The gnoll hits you with a +0 whip.
You hit the gnoll but do no damage.
The gnoll is heavily wounded.
You slash the gnoll!
You kill the gnoll!
The gnoll hits you from afar with a +0 spear!
The gnoll hits you with a +0 club. The gnoll misses you.
The gnoll hits you but does no damage.
You hit the gnoll.
You kill the gnoll!
You barely miss the gnoll. You block the gnoll's attack.
The gnoll closely misses you.
You hit the gnoll.
The gnoll is lightly wounded.
You barely miss the goblin. You block the goblin's attack.
The gnoll hits you with a +0 whip.
The gnoll hits you from afar with a +0 spear.
You die...

###### ...##.. .##..... .
# ..... ........ ..#.#....
#....... #...#....
#....... #.......#
#....... .....gBg#
#....... .<....gg#
........ ####### #@####
#....... #.....#
#....######....... #.....#
###......##.......
#.....###......#..#......#
#.........####...........#
#.......#### #.........#
#.....#....# #.........#
#.....####.# #..........
###....# #.# #........:.


You could see 2 gnolls, a giant cockroach and 2 goblins.

Vanquished Creatures
  7 gnolls
  An ufetubus (D:2)
  3 bats
  2 endoplasms (D:1)
  2 giant cockroaches
  2 goblins
  A hobgoblin (D:2)
  2 quokkas (D:1)
  4 ball pythons
  2 frilled lizards (D:2)
  2 kobolds (D:1)
  A rat (D:1)
29 creatures vanquished.

Notes
Turn   | Place    | Note
-------+----------+-------------------------------------------
     0 | D:1      | qw the Gargoyle Fighter began the quest for the Orb.
     0 | D:1      | Reached XP level 1. HP: 14/14 MP: 1/1
     0 | D:1      | 0 ||| qw: Version: 0.1-a-116-g5d60599
     0 | D:1      | 0 ||| qw: Game counter: 7528
     0 | D:1      | 0 ||| qw: Always use a shield: true
     0 | D:1      | 0 ||| qw: God list: Okawaru
     0 | D:1      | 0 ||| qw: Allow faded altars: false
     0 | D:1      | 0 ||| qw: Do Orc after D:15 true
     0 | D:1      | 0 ||| qw: Do second Lair branch before Depths: true
     0 | D:1      | 0 ||| qw: Lair rune preference: random
     0 | D:1      | 0 ||| qw: Plans: Normal, Zot, God:TSO, Crypt, Tomb, Zig,
                  | Orb
     0 | D:1      | 0 ||| PLANNING D:1-11
   157 | D:1      | Reached skill level 2 in Axes
   177 | D:1      | Reached XP level 2. HP: 19/19 MP: 2/2
   527 | D:1      | Found Geelemueh's Magic Scroll Shoppe.
   535 | D:1      | 535 ||| SHOPLISTING scroll of enchant weapon (97 gold, have
                  | 65).
   535 | D:1      | 535 ||| BUYING scroll of identify (26 gold).
   535 | D:1      | Bought a scroll of identify for 26 gold pieces
   535 | D:1      | 535 ||| BUYING scroll of identify (26 gold).
   535 | D:1      | Bought a scroll of identify for 26 gold pieces
   535 | D:1      | 535 ||| SHOPLISTING scroll of identify (26 gold, have 13).
   535 | D:1      | 535 ||| SHOPLISTING scroll of teleportation (39 gold, have
                  | 13).
   539 | D:1      | 539 ||| Stepping ~*~*~tactically~*~*~ (stealth).
   549 | D:1      | 549 ||| Stepping ~*~*~tactically~*~*~ (stealth).
   564 | D:1      | Reached skill level 3 in Axes
   674 | D:1      | Reached XP level 3. HP: 23/23 MP: 3/3
   688 | D:1      | 688 ||| DROPPING +0 club.
   877 | D:1      | 877 ||| UPGRADING to amulet of the acrobat.
   882 | D:1      | 882 ||| READING scroll labelled FEH SYGENIODAM.
   883 | D:1      | 883 ||| READING 3 scrolls of identify.
   883 | D:1      | 883 ||| IDENTIFYING yellow potion
   884 | D:1      | 884 ||| READING 2 scrolls of identify.
   884 | D:1      | 884 ||| IDENTIFYING lumpy red potion
   993 | D:2      | 993 ||| Stepping ~*~*~tactically~*~*~ (stealth).
  1012 | D:2      | Found a faded altar of an unknown god.
  1042 | D:2      | 1042 ||| Stepping ~*~*~tactically~*~*~ (stealth).
  1074 | D:2      | 1074 ||| Stepping ~*~*~tactically~*~*~ (stealth).
  1075 | D:2      | 1075 ||| Stepping ~*~*~tactically~*~*~ (stealth).
  1088 | D:2      | 1088 ||| Stepping ~*~*~tactically~*~*~ (stealth).
  1091 | D:2      | 1091 ||| Stepping ~*~*~tactically~*~*~ (stealth).
  1092 | D:2      | 1092 ||| Stepping ~*~*~tactically~*~*~ (stealth).
  1097 | D:2      | 1097 ||| Stepping ~*~*~tactically~*~*~ (stealth).
  1103 | D:2      | 1103 ||| FLEEEEING.
  1108 | D:2      | Reached XP level 4. HP: 19/28 MP: 4/4
  1116 | D:2      | Reached skill level 4 in Axes
  1269 | D:2      | 1269 ||| DROPPING +0 whip.
  1271 | D:2      | 1271 ||| DROPPING +0 flail.
  1274 | D:2      | 1274 ||| Stepping ~*~*~tactically~*~*~ (stealth).
  1275 | D:2      | 1275 ||| Stepping ~*~*~tactically~*~*~ (stealth).
  1453 | D:2      | 1453 ||| Stepping ~*~*~tactically~*~*~ (stealth).
  1455 | D:2      | 1455 ||| Stepping ~*~*~tactically~*~*~ (hiding).
  1468 | D:2      | HP: 3/28 [gnoll/+0 whip (6)]
  1468 | D:2      | Slain by a gnoll

Levels and vault maps discovered:
D:1:      dpeg_arrival_another_circle, layout_basic, serial_shops, shop,
          chequers_serial_rivers_micro_d, minmay_crystal_room,
          kennysheep_nondescript, dk_noncrumbling_4, minmay_domino_4
D:2:      layout_rooms, hellmonk_ecumenical_altar_blasted, nrook_loot_triangle,
          hangedman_decor_peaks_small, minmay_ruptured

Skill      XL: |  1  2  3  4 |
---------------+-------------+-----
Axes           | 2 3 4 |  4.3
Fighting       | |  3.2
Armour         | |  3.2
Shields        | |  3.2

Action                   |  1- 3 |  4- 6 || total
-------------------------+-------+-------++-------
Melee: War axe           |    64 |    33 ||    97
  Use: Scroll            |     3 |       ||     3
Armor: Scale mail        |    17 |    26 ||    43
Dodge: Dodged            |    31 |    29 ||    60
Block: Buckler           |     7 |    11 ||    18

Table legend:
 A = Non-vault XP
 B = Vault XP
 C = Vault XP percentage of total XP
 D = Non-vault monster count
 E = Vault monster count
 F = Vault count percentage of total count
                 A         B        C        D         E       F
            +---------+---------+-------+---------+---------+-------
      Total |     135 |       5 |   3.6 |      26 |       3 |  10.3
            +---------+---------+-------+---------+---------+-------
        D:1 |      29 |       5 |  14.7 |      10 |       3 |  23.1
        D:2 |     106 |       0 |   0.0 |      16 |       0 |   0.0
            +---------+---------+-------+---------+---------+-------
